 Dungeon Crawl Stone Soup version 0.28-a0-750-g7c675f85b1 (webtiles) character file.

Game seed: 2040578034610801417

112 KoroneIsBestGirl the Chiller (level 4, -11/33 HPs)
             Began as a Barachi Ice Elementalist on Oct 29, 2021.
             Was a Follower of Yredelemnul.
             Mangled by Shploik's ghost (16 damage)
             ... on level 3 of the Dungeon.
             The game lasted 00:03:45 (3731 turns).

KoroneIsBestGirl the Chiller (BaIE)                 Turns: 3731, Time: 00:03:45

Health: -11/33     AC:  3    Str:  9    XL:     4   Next: 93%
Magic:  5/8        EV: 12    Int: 17    God:    Yredelemnul [*.....]
Gold:   179        SH:  0    Dex: 12    Spells: 2/9 levels left

rFire   . . .      SeeInvis .   d - +0 dagger
rCold   . . .      Faith    .   (no shield)
rNeg    . . .      Spirit   .   a - +0 robe
rPois   .          Reflect  .   (no helmet)
rElec   .          Harm     .   (no cloak)
rCorr   .          Rampage  .   k - +0 pair of gloves
Will    .....                   (no boots)
Stlth   ++........              (no amulet)
HPRegen 0.11/turn               (no ring)
MPRegen 0.11/turn               (no ring)

@: slow
A: amphibious, slowness 1, strong legs 1, +LOS
a: Hop, Renounce Religion, Animate Remains


You were on level 3 of the Dungeon.
You worshipped Yredelemnul.
Yredelemnul was aware of your devotion.
You visited 1 branch of the dungeon, and saw 3 of its levels.

You collected 179 gold pieces.

Inventory:

Hand Weapons
 d - a +0 dagger (weapon)
Armour
 a - a +0 robe (worn)
 k - a +0 pair of gloves (worn)
Magical Staves
 e - a staff of fire
Scrolls
 b - a scroll of brand weapon {unknown}
 c - 2 scrolls of identify {unknown}
 g - 3 scrolls of teleportation {unknown}
 h - 2 scrolls of fear {unknown}
 l - a scroll of magic mapping {unknown}
 m - a scroll of immolation {unknown}
Potions
 f - a potion of curing {unknown}
 i - a potion of might {unknown}
 j - a potion of invisibility {unknown}
 n - 2 potions of heal wounds {unknown}


   Skills:
 + Level 1.9 Fighting
 + Level 1.6 Short Blades
 + Level 3.2 Dodging
 - Level 1.7 Stealth
 + Level 3.0 Spellcasting
 + Level 5.4 Ice Magic


You had 2 spell levels left.
You knew the following spells:

 Your Spells              Type           Power      Damage    Failure   Level
a - Freeze                Ice            84%        1d10      1%          1
b - Frozen Ramparts       Ice            42%        1d6       5%          3
c - Ozocubu's Armour      Ice            21%        N/A       5%          3

Your spell library contained the following spells:

 Spells                   Type           Power      Damage    Failure   Level
 Animate Skeleton         Necr           4%         N/A       17%         1
 Apportation              Tloc           4%         N/A       17%         1
 Shock                    Conj/Air       8%         1d3       17%         1
 Summon Small Mammal      Summ           8%         N/A       17%         1
 Swiftness                Air            2%         N/A       45%         3
 Hailstorm                Conj/Ice       11%        3d5       50%         4
 Airstrike                Air            1%         N/A       86%         4


Dungeon Overview and Level Annotations

Branches:
Dungeon (3/15)

Altars:
Hepliaklqana
Makhleb
Nemelex Xobeh
Yredelemnul

Annotations:
D:3 Shploik's ghost, amateur MiFi


Innate Abilities, Weirdness & Mutations

You are amphibious.
You cover ground slowly.
You can hop short distances.
You have an extended range of vision and can be seen from far away.


Message History

Press: ? - help, Dir - look around, f - activate You miscast Frozen Ramparts.
You are very lightly contaminated with residual magic.
Nothing appears to happen.
Shploik's ghost hits you!
Your quokka zombie bites Shploik's ghost but does no damage.
Unknown command.
Casting: Frozen Ramparts (dangerous; 5% risk of failure)
Confirm with . or Enter, or press ? or * to list all spells.
Casting: Frozen Ramparts (dangerous; 5% risk of failure)
Press: ? - help, Dir - look around, f - activate You miscast Frozen Ramparts.
Nothing appears to happen.
Shploik's ghost hits you.
* * * LOW HITPOINT WARNING * * *
Your goblin zombie hits Shploik's ghost but does no damage.
Your quokka zombie bites Shploik's ghost but does no damage.
Casting: Frozen Ramparts (dangerous; 5% risk of failure)
Confirm with . or Enter, or press ? or * to list all spells.
You don't have enough magic to cast this spell.
Unknown command.
Okay, then.
Shploik's ghost hits your goblin zombie!!
Your goblin zombie is destroyed!
Your quokka zombie closely misses Shploik's ghost.
There is an open door here.
Okay, then.
You swap places.
Shploik's ghost hits your worm zombie!
Your worm zombie is destroyed!
Something barely misses Shploik's ghost.
You see here 11 stones.
There is a stone staircase leading down here.
Your magical contamination has completely faded away.
There is an open door here.
Shploik's ghost barely misses you.
Your quokka zombie barely misses Shploik's ghost.
Shploik's ghost hits you.
* * * LOW HITPOINT WARNING * * *
Your quokka zombie bites Shploik's ghost.
Shploik's ghost hits you!
You die...
Your body rises from the dead as a mindless zombie.

#.##.#...##.......#...
#.##.####...###'###...
#.##............###...
##.##..###...#####.....
#................'.>...
#####.....###....#.....
#.....Z.# #....#.....
##....W..# #....##.#..
#....@#### #....##.#..
##..#..######....##.#..
#.................#....
##.###....###.....#####
#.###....###.......#
#...'.........#...####
#####......##.#...#...
####...##.##.##!≈≈
#......##.#...#...


You could see Shploik's ghost (ally target) and a friendly quokka zombie.

Vanquished Creatures
  Jessica (D:2)
  2 adders (D:2)
  A worm (D:3)
  A dart slug (D:2)
  An orc (D:3)
  6 endoplasms
  2 giant cockroaches
  8 goblins
  6 hobgoblins
  4 quokkas
  5 ball pythons
  7 bats
  A frilled lizard (D:2)
  7 kobolds
  5 rats
57 creatures vanquished.

Vanquished Creatures (collateral kills)
  A bat (D:3)
1 creature vanquished.

Vanquished Creatures (others)
  A goblin zombie (D:3)
  A worm zombie (D:3)
2 creatures vanquished.

Grand Total: 60 creatures vanquished

Notes
Turn   | Place    | Note
-------+----------+-------------------------------------------
     0 | D:1      | KoroneIsBestGirl the Barachi Ice Elementalist began the
                  | quest for the Orb.
     0 | D:1      | Reached XP level 1. HP: 13/13 MP: 3/3
   219 | D:1      | Found a faded altar of an unknown god.
   225 | D:1      | Prayed at the altar of an unknown god.
   225 | D:1      | Became a worshipper of Yredelemnul the Dark
   225 | D:1      | Reached * piety under Yredelemnul
   346 | D:1      | Reached skill level 5 in Ice Magic
   346 | D:1      | Reached XP level 2. HP: 7/19 MP: 1/5
  1331 | D:2      | Found a burning altar of Makhleb.
  1466 | D:2      | Reached skill level 1 in Fighting
  1466 | D:2      | Reached XP level 3. HP: 21/26 MP: 2/7
  1628 | D:2      | Noticed Jessica
  1633 | D:2      | Reached skill level 1 in Short Blades
  1638 | D:2      | Killed Jessica
  1639 | D:2      | Reached XP level 4. HP: 20/32 MP: 1/8
  2816 | D:3      | Learned a level 3 spell: Frozen Ramparts
  2820 | D:3      | Learned a level 3 spell: Ozocubu's Armour
  2945 | D:3      | Found a hazy altar of Hepliaklqana.
  3012 | D:3      | Found a sparkling altar of Nemelex Xobeh.
  3134 | D:3      | Found a runed translucent door.
  3135 | D:3      | Noticed Shploik's ghost (amateur MiFi)
  3731 | D:3      | Mangled by Shploik's ghost

Illustrated notes

Levels and vault maps discovered:
D:1:      dpeg_chamrin_arrival_tetris, layout_loops_ring,
          hellmonk_ecumenical_altar_run_dry
D:2:      layout_basic, basic_altar, serial_park_tiny_1, uniq_jessica
D:3:      kennysheep_the_goblin_king, layout_basic, overflow_temple_1_default,
          nemelex_xobeh_ov_fountains_minmay, ebering_ghost_reflecting_pool,
          solitary_fountain

Skill      XL: |  1  2  3  4 |
---------------+-------------+-----
Ice Magic      | 5 |  5.4
Fighting       | 1 |  1.9
Short Blades   | 1 |  1.6
Dodging        | 3 |  3.2
Spellcasting   | 3 |  3.0
Stealth        | |  1.7

Action                   |  1- 3 |  4- 6 || total
-------------------------+-------+-------++-------
Melee: Dagger            |    16 |    17 ||    33
 Cast: Freeze            |    45 |    34 ||    79
       Frozen Ramparts   |       |     1 ||     1
Invok: Animate Remains   |       |     3 ||     3
Armor: Robe              |     7 |    13 ||    20
Dodge: Dodged            |    54 |    22 ||    76

Table legend: (Time is in decaauts)
 A = Elapsed time spent in this place.
 B = Non-inter-level travel time spent in this place.
 C = Inter-level travel time spent in this place.
 D = Time resting spent in this place.
 E = Time spent auto-exploring this place.
 F = Levels seen in this place.
 G = Mean time per level.
                   A        B        C        D        E       F      G
               +--------+--------+--------+--------+--------+-----+--------+
         Total |   4181 |   3950 |    231 |      0 |   3491 |   3 | 1393.7 |
       Dungeon |   4181 |   3950 |    231 |      0 |   3491 |   3 | 1393.7 |
               +--------+--------+--------+--------+--------+-----+--------+

Top non-repeatable levels by time:
     D:1: 1479 daAuts
     D:2: 1397 daAuts
     D:3: 1304 daAuts
